 Dungeon Crawl Stone Soup version 0.30-a0-509-gd016549fea (webtiles) character file.

Game seed: 4905206244411776669

4812 purpskrrrp the Sneak (level 10, 0/94 HPs)
             Began as a Demonspawn Fire Elementalist on Dec 22, 2022.
             Was an Initiate of Gozag.
             Succumbed to Psyche's poison
             ... on level 8 of the Dungeon.
             The game lasted 00:22:29 (9104 turns).

purpskrrrp the Sneak (Demonspawn Fire Elementalist) Turns: 9104, Time: 00:22:30

Health: 0/94       AC:  6    Str: 12    XL:     10   Next: 24%
Magic:  16/17      EV: 14    Int: 23    God:    Gozag
Gold:   513        SH:  4    Dex: 13    Spells: 18/21 levels left

rFire   . . .      SeeInvis .    b - +2 quarterstaff (spect)
rCold   x . .      Faith    .    (shield currently unavailable)
rNeg    . . .      Spirit   .    n - +2 robe
rPois   .          Reflect  .    (helmet restricted)
rElec   .          Harm     .    (no cloak)
rCorr   +          Rampage  .    (no gloves)
Will    .....                    w - +2 pair of boots
Stlth   ..........               t - amulet "Izxedi Ogro" {Regen+ rCorr Str+3 Int-4 Slay+5}
HPRegen 1.15/turn                k - +6 ring of intelligence
MPRegen 0.30/turn                i - ring of wizardry

@: berserking, lethally poisoned (0 -> 0), gold aura, hasted, studying Staves,
very quick
A: horns 2, ignite blood 1, magic regeneration, weakness stinger 2, large bone
plates 1, deformed body, low MP 1, cold vulnerability 1
a: Renounce Religion, Potion Petition, Call Merchant, Bribe Branch


You were on level 8 of the Dungeon.
You worshipped Gozag.
Gozag was pleased with you.
You visited 1 branch of the dungeon, and saw 9 of its levels.

You collected 921 gold pieces.
You spent 370 gold pieces at shops.
You paid 38 gold pieces to Gozag.

Inventory:

Hand Weapons
 b - a +2 spectral quarterstaff (weapon)
 c - a +0 war axe
 y - a +2 whip of draining
 C - a +1 vorpal dire flail
Armour
 a - a +1 robe
 n - a +2 robe (worn)
 w - a +2 pair of boots (worn)
Jewellery
 e - a +6 ring of dexterity
 i - a ring of wizardry (right hand)
 k - a +6 ring of intelligence (left hand)
 l - a +6 ring of strength
 m - a ring of poison resistance
 p - an amulet of magic regeneration
 q - an amulet of the acrobat
 t - the amulet "Izxedi Ogro" (around neck) {Regen+ rCorr Str+3 Int-4 Slay+5}
   (You acquired it on level 7 of the Dungeon)

   [amulet of regeneration]

   Str:       It affects your strength (+3).
   Int:       It affects your intelligence (-4).
   Slay:      It affects your accuracy & damage with ranged weapons and melee
   (+5).
   Regen:     It increases your rate of health regeneration.
   rCorr:     It protects you from acid and corrosion.
 v - a ring of positive energy
 B - a +4 ring of evasion
Wands
 D - a wand of polymorph (10)
 F - a wand of light (7)
Scrolls
 d - 2 scrolls of enchant armour
 j - 3 scrolls of identify
 u - a scroll of fog
Potions
 f - 2 potions of attraction
 g - a potion of lignification
 o - 4 potions of curing
 r - a potion of flight
 s - 4 potions of resistance
 z - a potion of invisibility
 A - a potion of degeneration


   Skills:
 + Level 3.4 Staves
 + Level 6.3 Dodging
 - Level 6.8 Stealth
 + Level 6.4 Spellcasting
 + Level 6.6 Conjurations
 + Level 6.6 Fire Magic


You had 18 spell levels left.
You knew the following spells:

 Your Spells              Type           Power      Damage    Failure   Level
a - Foxfire               Conj/Fire      100%       2x1d9     1%          1
b - Scorch                Fire           76%        2d8       1%          2

Your spell library contained the following spells:

 Spells                   Type           Power      Damage    Failure   Level
 Inner Flame              Hex/Fire       22%        N/A       2%          3
 Flame Wave               Conj/Fire      38%        2d10      2%          4
 Sticky Flame             Conj/Fire      38%        2d6       2%          4
 Cigotuvi's Dreadful Rot  Necr/Pois/Air  14%        N/A       4%          2
 Kindle Blastsparks       Fire/Tloc/Air  34%        2d12      4%          3
 Dispel Undead            Necr           7%         3d8       32%         4
 Summon Forest            Summ/Tloc      3%         N/A       63%         5
 Death Channel            Necr           3%         N/A       99%         6
 Eringya's Noxious Bog    Tmut/Pois      3%         N/A       99%         6
 Summon Hydra             Summ           3%         N/A       100%        7
 Borgnjor's Revivificati  Necr           3%         N/A       100%        8
 Necromutation            Tmut/Necr      3%         N/A       100%        8
 Death's Door             Necr           3%         N/A       100%        9


Dungeon Overview and Level Annotations

Branches:
Dungeon (9/15)             Temple (0/1) D:6
   Lair: D:8-11         Orc: D:9-12

Altars:
Ashenzari
Dithmenos
Fedhas
Gozag
Okawaru
Qazlal
Uskayaw
Vehumet
Wu Jian
Xom

Shops:
D:1 ?   D:5 !


Innate Abilities, Weirdness & Mutations

You have a pair of horns on your head.
Your demonic aura sometimes causes spilled blood to erupt in flames.
You regenerate magic rapidly.
You have a tail ending in a sharp stinger.
You are partially covered in large bone plates. (SH +4)
Armour fits poorly on your strangely shaped body.
Your magical capacity is low. (-10% MP)
You are vulnerable to cold. (rC-)


Message History

Something hits you.
You are more poisoned.
You feel very sick. Something hits you.
* * * LOW HITPOINT WARNING * * *
You feel very sick. Something hits you.
* * * LOW HITPOINT WARNING * * *
Something freezes you.
* * * LOW HITPOINT WARNING * * *
You feel yourself speed up.
You feel very sick. Something hits you.
* * * LOW HITPOINT WARNING * * *
A red film seems to cover your vision as you go berserk!
You feel yourself moving faster!
You feel mighty!
You feel sick. You block something's attack.
The howler monkey hoots and howls with incredible vigour!
You miss something. Your headbutt misses something.
Your tail-slap misses something.
You feel sick. Something hits you.
* * * LOW HITPOINT WARNING * * *
You feel drained.
* * * LOW HITPOINT WARNING * * *
You are too berserk!
You bludgeon something!!
Your tail-slap misses something.
* * * LOW HITPOINT WARNING * * *
You feel sick.
You hear some strange, mumbled words.
Something tries to affect you, but you resist.
You bludgeon something!!
Reactivating autopickup.
You feel a bit more experienced.
* * * LOW HITPOINT WARNING * * *
You feel sick.
Your life force feels restored.
You sock the howler monkey!
You kill the howler monkey!
* * * LOW HITPOINT WARNING * * *
You feel sick.
You die...
Your body crumbles into a pile of gold.

##################
#....[..).)......#
#@##.###.###.###.#
##$#>..##.# #......
######.......#.#######..
#......#....##..........
#.####...#.########.###.
#.# #####.# #.# #. #.#
#.# #.# #. #.# ##'## #.#
#. ####.# ##...## #.# #.


There were no monsters in sight!

Vanquished Creatures
  A two-headed ogre (D:6)
  Joseph (D:7)
  Psyche (D:8)
  Prince Ribbit (D:5)
  Sigmund (D:3)
  6 yaks (D:8)
  2 water moccasins
  An orc warrior (D:8)
  2 sky beasts
  A black bear (D:5)
  An ice beast (D:7)
  A centaur (D:7)
  3 ogres
  A kobold brigand (D:6)
  3 bullfrogs (D:8)
  A scorpion (D:5)
  5 wights (D:7)
  3 howler monkeys
  3 hounds
  2 jellies
  5 orc priests
  4 iguanas
  Jessica (D:2)
  2 orc wizards
  Robin (D:4)
  6 adders
  8 gnolls
  A shadow imp (D:7)
  A white imp (D:6)
  An ufetubus (D:4)
  4 worms
  3 dart slugs
  18 orcs
  4 bats
  11 endoplasms
  A giant cockroach (D:1)
  15 goblins
  9 hobgoblins
  5 quokkas
  10 ball pythons
  4 frilled lizards
  10 kobolds
  6 rats
170 creatures vanquished.

Vanquished Creatures (others)
  705 foxfires
  17 fungi (D:4)
722 creatures vanquished.

Grand Total: 892 creatures vanquished

Notes
Turn   | Place    | Note
-------+----------+-------------------------------------------
     0 | D:1      | purpskrrrp the Demonspawn Fire Elementalist began the quest
                  | for the Orb.
     0 | D:1      | Reached XP level 1. HP: 13/13 MP: 3/3
   288 | D:1      | Discovered your monstrous ancestry.
   288 | D:1      | Gained mutation: You have a pair of small horns on your
                  | head. [demonic ancestry]
   288 | D:1      | Reached XP level 2. HP: 19/19 MP: 0/5
  1074 | D:1      | Found Tuel's Magic Scroll Boutique.
  1440 | D:2      | Reached XP level 3. HP: 16/24 MP: 2/6
  2103 | D:2      | Noticed Jessica
  2111 | D:2      | Killed Jessica
  2112 | D:2      | Gained mutation: You have a small tail. [demonic ancestry]
  2112 | D:2      | Reached XP level 4. HP: 27/30 MP: 1/7
  2615 | D:2      | Learned a level 2 spell: Scorch
  2966 | D:3      | Gained mutation: You have a tail ending in a sharp stinger.
                  | [demonic ancestry]
  2966 | D:3      | Reached XP level 5. HP: 35/35 MP: 4/9
  3435 | D:3      | Noticed Sigmund
  3443 | D:3      | Killed Sigmund
  3444 | D:3      | Gained mutation: You have a pair of horns on your head.
                  | [demonic ancestry]
  3444 | D:3      | Reached XP level 6. HP: 26/41 MP: 0/10
  4120 | D:4      | Found a broken altar of Ashenzari.
  4173 | D:4      | Noticed Robin
  4183 | D:4      | Killed Robin
  4588 | D:4      | Gained mutation: You regenerate magic rapidly. [demonic
                  | ancestry]
  4588 | D:4      | Reached XP level 7. HP: 46/46 MP: 9/12
  4680 | D:4      | Found an opulent altar of Gozag.
  4985 | D:4      | Became a worshipper of Gozag Ym Sagoz the Greedy
  5017 | D:5      | Entered Level 5 of the Dungeon
  5296 | D:5      | Identified the +0 plate armour "Edwoipoage" {rCorr}
  5321 | D:5      | Noticed a +0 falchion
  5322 | D:5      | Noticed a +0 dagger
  5322 | D:5      | Noticed a +0 dagger
  5322 | D:5      | Noticed a +0 spear
  5323 | D:5      | Noticed a +0 short sword
  5323 | D:5      | Noticed a +0 short sword
  5323 | D:5      | Noticed a +0 falchion
  5324 | D:5      | Found a hide-covered altar of Uskayaw.
  5324 | D:5      | Noticed a +0 spear
  5328 | D:5      | Noticed Prince Ribbit
  5339 | D:5      | Killed Prince Ribbit
  5430 | D:5      | Found Pefususm's Distillery.
  5437 | D:5      | Bought a potion of mutation for 112 gold pieces
  5437 | D:5      | Gained mutation: You are clumsy. (Dex -2) [potion of
                  | mutation]
  5437 | D:5      | Gained mutation: Your magical capacity is low. (-10% MP)
                  | [potion of mutation]
  5437 | D:5      | Gained mutation: Your natural rate of healing is unusually
                  | fast. [potion of mutation]
  5438 | D:5      | Lost mutation: You are clumsy. (Dex -2) [potion of
                  | mutation]
  5438 | D:5      | Lost mutation: Your natural rate of healing is unusually
                  | fast. [potion of mutation]
  5438 | D:5      | Gained mutation: You are vulnerable to cold. (rC-) [potion
                  | of mutation]
  5438 | D:5      | Gained mutation: Armour fits poorly on your strangely
                  | shaped body. [potion of mutation]
  5438 | D:5      | Gained mutation: You are partially covered in large bone
                  | plates. (SH +4) [potion of mutation]
  5570 | D:5      | Gained mutation: Your demonic aura sometimes causes spilled
                  | blood to erupt in flames. [demonic ancestry]
  5570 | D:5      | Reached XP level 8. HP: 52/52 MP: 10/13
  5682 | D:6      | Found an iron altar of Okawaru.
  5792 | D:6      | Noticed a two-headed ogre
  5877 | D:6      | Killed a two-headed ogre
  5878 | D:6      | Reached skill level 5 in Stealth
  5878 | D:6      | Reached skill level 5 in Spellcasting
  5878 | D:6      | Reached skill level 5 in Conjurations
  5878 | D:6      | Reached skill level 5 in Fire Magic
  5887 | D:6      | Reached skill level 5 in Dodging
  5902 | D:6      | Found a staircase to the Ecumenical Temple.
  5907 | D:6      | Reached XP level 9. HP: 57/57 MP: 12/15
  6026 | D:6      | Found a shadowy altar of Dithmenos.
  6244 | D:7      | Identified a scroll of acquirement
  6244 | D:7      | Acquired the amulet "Izxedi Ogro" {Regen+ rCorr Str+3 Int-4
                  | Slay+5}
  6326 | D:7      | Noticed Joseph
  6335 | D:7      | Killed Joseph
  6407 | D:7      | Found a flagged portal.
  6639 | D:7      | Found a blossoming altar of Fedhas.
  6644 | D:7      | Found a stormy altar of Qazlal.
  6667 | D:7      | Found a radiant altar of Vehumet.
  7136 | D:7      | Found a shimmering altar of Xom.
  7541 | D:8      | Reached skill level 1 in Staves
  7912 | D:8      | Found an ornate altar of the Wu Jian Council.
  8013 | D:8      | Identified the +10 long sword of Doubt {holy, rF+ Str+2
                  | SInv}
  8185 | D:8      | Reached XP level 10. HP: 50/63 MP: 4/17
  8835 | D:1      | Bought a scroll of identify for 24 gold pieces
  8835 | D:1      | Bought a scroll of enchant weapon for 90 gold pieces
  8835 | D:1      | Bought a scroll of identify for 24 gold pieces
  8835 | D:1      | Bought a scroll of identify for 24 gold pieces
  8835 | D:1      | Bought a scroll of identify for 24 gold pieces
  8835 | D:1      | Bought 3 scrolls of identify for 72 gold pieces
  9073 | D:9      | Noticed Psyche
  9100 | D:8      | HP: 3/93 [something (3)]
  9101 | D:8      | HP: 1/90 [poisoned by Psyche]
  9102 | D:8      | Killed Psyche
  9104 | D:8      | Succumbed to Psyche's poison

Illustrated notes

Levels and vault maps discovered:
D:1:      dpeg_arrival_rooms_b, layout_basic, serial_shops, shop
D:2:      layout_loops_ring, uniq_jessica
D:3:      layout_loops_ring, minmay_bisected, uniq_sigmund
D:4:      kennysheep_spiral_hall, layout_loops_ring,
          lemuel_coloured_pillars_altar, mainiacjoe_overflow_small_starburst,
          minmay_stone_trees_small, minmay_misc_feat_tiny,
          dreamdust_mushroom_princess, uniq_robin
D:5:      layout_basic, nicolae_uskayaw_en_pointe, serial_curves,
          eino_curves_04, eino_curves_03, eino_curves_03, serial_shops, shop,
          uniq_prince_ribbit1
D:6:      layout_rooms, mainiacjoe_overflow_paths,
          mainiacjoe_overflow_concentric_impassable,
          minmay_temple_entry_overgrown
D:7:      layout_basic, kennysheep_mini, nicolae_vehumet_altar_sigil,
          grunt_temple_overflow_forces_of_nature, enter_bailey_2,
          nicolae_underground_beach, uniq_joseph
D:8:      layout_loops_corners, nicolae_wu_jian_wuxing_cycle
D:9:      layout_loops_corners, nicolae_overflow_hidden_temple, serial_shops,
          nicolae_shop_advertising_works [nicolae_subvault_shop_adworks],
          uniq_psyche

Skill      XL: |  1  2  3  4  5  6  7  8  9 10 |
---------------+-------------------------------+-----
Stealth        | 2 3 4 5 6 |  6.8
Dodging        | 2 3 4 5 6 |  6.3
Fire Magic     | 3 4 5 6 |  6.6
Conjurations   | 2 3 4 5 6 |  6.6
Spellcasting   | 3 4 5 6 |  6.4
Staves         | 2 3 |  3.4

Action                   |  1- 3 |  4- 6 |  7- 9 | 10-12 || total
-------------------------+-------+-------+-------+-------++-------
Melee: Unarmed           |    34 |       |       |       ||    34
       Headbutt          |     5 |     3 |     1 |     1 ||    10
       War axe           |     3 |    26 |     1 |       ||    30
       Tailslap          |       |     4 |       |       ||     4
       Punch             |       |     1 |       |       ||     1
       Quarterstaff      |       |       |     5 |     5 ||    10
 Cast: Foxfire           |    79 |   186 |   213 |    23 ||   501
       Scorch            |       |    16 |    52 |    13 ||    81
  Use: Scroll            |     5 |     3 |     7 |     8 ||    23
       Potion            |       |       |     4 |     4 ||     8
Armor: Robe              |     6 |     7 |     6 |     4 ||    23
Dodge: Dodged            |    20 |    28 |    17 |    12 ||    77
Block: Other             |       |       |     7 |     9 ||    16

Table legend: (Time is in decaauts)
 A = Elapsed time spent in this place.
 B = Non-inter-level travel time spent in this place.
 C = Inter-level travel time spent in this place.
 D = Time resting spent in this place.
 E = Time spent auto-exploring this place.
 F = Levels seen in this place.
 G = Mean time per level.
                   A        B        C        D        E       F      G
               +--------+--------+--------+--------+--------+-----+--------+
         Total |   9121 |   8347 |    774 |    277 |   6739 |   9 | 1013.4 |
       Dungeon |   9121 |   8347 |    774 |    277 |   6739 |   9 | 1013.4 |
               +--------+--------+--------+--------+--------+-----+--------+

Top non-repeatable levels by time:
     D:1: 1416 daAuts
     D:2: 1366 daAuts
     D:3: 1364 daAuts
     D:8: 1304 daAuts
     D:7: 1233 daAuts
     D:4: 1044 daAuts
     D:5: 749 daAuts
     D:6: 626 daAuts
     D:9: 16 daAuts
